 Dungeon Crawl Stone Soup version 0.31.0 (webtiles) character file.

Game seed: 9090906551677146346

2116 Chimkentus the Lightning Rod (level 9, -12/85 HPs)
             Began as a Troll Monk on Jan 19, 2024.
             Was a Follower of Qazlal.
             Killed from afar by an electric eel (15 damage)
             ... with a bolt of electricity
             ... on level 6 of the Dungeon.
             The game lasted 00:33:00 (4416 turns).

Chimkentus the Lightning Rod (Troll Monk)           Turns: 4416, Time: 00:33:02

Health: -12/85     AC:  4    Str: 31    XL:     9   Next: 8%
Magic:  12/12      EV: 11    Int: 12    God:    Qazlal [*.....]
Gold:   307        SH:  7    Dex: 12    Spells: 8/8 levels left

rFire   . .          .
                       - Unarmed
rCold   . . .        c - orb {light}
rNeg    . . .        a - +0 robe
rPois   .            (helmet restricted)
rElec   .            (no cloak)
rCorr   .            (gloves unavailable)
SInv    .            (boots unavailable)
Will    .....        f - amulet of reflection
Stlth   +            z - +6 ring of strength
HPRegen 1.14/turn    v - +6 ring of intelligence
MPRegen 0.13/turn

%: reflection
@: glowing
A: large, unfitting armour, claws 3, regeneration 1, shaggy fur 1, tough skin 1
a: Renounce Religion


You were on level 6 of the Dungeon.
You worshipped Qazlal.
Qazlal was aware of your devotion.
You visited 2 branches of the dungeon, and saw 7 of its levels.

You collected 307 gold pieces.

Inventory:

Hand Weapons
 r - the +7 dagger of Ravage {protect, Fly rF+ Int-5}
   (You found it on level 3 of the Dungeon)

   Int-5:     It affects your intelligence (-5).
   rF+:       It protects you from fire.
   Fly:       It grants you flight.
Missiles
 h - 5 poisoned darts
 u - 7 boomerangs (quivered)
Armour
 a - a +0 robe (worn)
 c - an orb of light (worn)
Jewellery
 f - an amulet of reflection (around neck)
 g - an amulet of regeneration
 v - a +6 ring of intelligence (right claw)
 z - a +6 ring of strength (left claw)
Talismans
 q - a dragon-blood talisman
 x - a blade talisman
Scrolls
 e - a scroll of vulnerability {unknown}
 i - a scroll of fear
 l - a scroll of torment {unknown}
 n - a scroll of poison {unknown}
 p - 3 scrolls of enchant armour {unknown}
 s - 4 scrolls of fog {unknown}
 w - 2 scrolls of blinking {unknown}
 y - 2 scrolls of immolation {unknown}
Potions
 b - 2 potions of ambrosia
 d - 3 potions of resistance
 j - a potion of curing {unknown}
 k - a potion of cancellation {unknown}
 m - 2 potions of mutation
 o - a potion of might {unknown}
 t - a potion of berserk rage {unknown}
 A - a potion of brilliance {unknown}


   Skills:
 + Level 4.3 Fighting
 - Level 4.4 Throwing
 + Level 4.7 Dodging
 - Level 1.2 Stealth
 - Level 5.6 Unarmed Combat
 * Level 5.9 Invocations


You had 8 spell levels left.
You didn't know any spells.
Your spell library contained the following spells:

 Spells                   Type           Power      Damage    Failure   Level
 Sting                    Conj/Alch      0%         1d3       32%         1
 Mercury Vapours          Alch/Air       0%         N/A       45%         2
 Olgreb's Toxic Radiance  Alch           0%         N/A       97%         4


Dungeon Overview and Level Annotations

Branches:
Dungeon (6/15)             Temple (1/1) D:5

Altars:
Ashenzari
Cheibriados
Dithmenos
Elyvilon
Fedhas
Gozag
Hepliaklqana
Kikubaaqudgha
Makhleb
Nemelex Xobeh
Okawaru
Qazlal
Ru
Sif Muna
Trog
Uskayaw
Wu Jian
Xom
Yredelemnul

Annotations:
D:2 1 exclusion


Innate Abilities, Weirdness & Mutations

You are too large for most types of armour.
You have claws for hands.
Your natural rate of healing is unusually fast.
You are covered in fur. (AC +1)
You have tough skin. (AC +1)


Message History

The electric eel is almost dead.
The electric eel is flash-frozen.
You can no longer call upon nature to destroy your foes.
Unknown command.
Okay, then.
Unknown command.
Okay, then.
The electric eel shoots out a bolt of lightning at you!
The bolt of electricity hits you!
The electric eel shoots out a bolt of lightning at you!
The bolt of electricity hits the plant!
The plant begins to die.
The bolt of electricity hits you.
You start resting.
Magic restored.
You start resting.
HP restored.
The electric eel shoots out a bolt of lightning at you!
The bolt of electricity hits you.
The electric eel shoots out a bolt of lightning at you!
The bolt of electricity hits you!
The electric eel shoots out a bolt of lightning at you!
The bolt of electricity hits you!
There is an open door here.
The electric eel shoots out a bolt of lightning at you!
The bolt of electricity hits the electric eel.
The electric eel completely resists.
The bolt of electricity hits you!
The electric eel shoots out a bolt of lightning at you!
The bolt of electricity hits you!
The electric eel shoots out a bolt of lightning at you!
The bolt of electricity hits the electric eel.
The electric eel completely resists.
The bolt of electricity hits you!
* * * LOW HITPOINT WARNING * * *
The electric eel shoots out a bolt of lightning at you!
The bolt of electricity hits you.
* * * LOW HITPOINT WARNING * * *
The bolt of electricity hits you!
* * * LOW HITPOINT WARNING * * *
The electric eel shoots out a bolt of lightning at you!
The bolt of electricity hits you!
You die...

......................#
#....###.###..#######.#
..##.....####.## #.#
..####.#..###..# #.#
<..#...##..###.# ####
.....#......########.##
..##...###'##≈($...#..#
..##...###.#≈≈$~~○.'#.#
.........#.#≈S..@...#~#
.........#.#≈S~S○...#~##
.........#~##≈.$P..##~~#
...#####.##~##########~##
##..# #..##~##≈.[P..#..#
.##.########~#≈≈.~~..'#.#
...........#.#≈~~~....#.#
##.#########.#≈≈).P...#~#
#...# #§##≈..P..##~#


You could see 3 electric eels.

Vanquished Creatures
  A yak (D:6)
  A vampire mosquito (D:6)
  2 sky beasts
  A black bear (D:6)
  3 phantoms
  2 scorpions
  A bullfrog (D:6)
  2 howler monkeys
  3 electric eels (D:6)
  2 hounds (D:4)
  7 orc priests
  2 bombardier beetles
  2 sleepcaps
  Terence (D:2)
  2 orc wizards
  Natasha (thrice) (D:3)
  8 iguanas
  3 gnolls (D:2)
  9 adders
  2 white imps
  4 ribbon worms
  5 dart slugs
  17 orcs
  5 ball pythons
  4 endoplasms
  3 giant cockroaches
  9 goblins
  12 hobgoblins
  9 jackals
  2 quokkas
  8 bats
  2 frilled lizards (D:1)
  8 kobolds
  5 rats
150 creatures vanquished.

Vanquished Creatures (others)
  A frilled lizard (D:2)
1 creature vanquished.

Grand Total: 151 creatures vanquished

Notes
Turn   | Place    | Note
-------+----------+-------------------------------------------
     0 | D:1      | Chimkentus the Troll Monk began the quest for the Orb.
     0 | D:1      | Reached XP level 1. HP: 22/22 MP: 0/0
    74 | D:1      | Reached XP level 2. HP: 29/29 MP: 1/1
   351 | D:1      | Reached XP level 3. HP: 36/36 MP: 2/2
   899 | D:2      | Noticed Terence
   907 | D:2      | Killed Terence
   908 | D:2      | Reached skill level 1 in Invocations
   908 | D:2      | Reached XP level 4. HP: 45/45 MP: 3/3
   951 | D:2      | Reached skill level 1 in Throwing
  1093 | D:2      | Found a sparkling altar of Nemelex Xobeh.
  1121 | D:2      | You fall into a shaft and drop 1 floor!
  1148 | D:3      | Found a shimmering blue altar of Sif Muna.
  1180 | D:3      | Noticed a scorpion
  1186 | D:3      | Killed a scorpion
  1187 | D:3      | Reached XP level 5. HP: 53/53 MP: 3/5
  1300 | D:3      | Found a basalt altar of Yredelemnul.
  1419 | D:3      | Noticed Natasha
  1424 | D:3      | Killed Natasha
  1454 | D:3      | Identified the +7 dagger of Ravage {protect, Fly rF+ Int-5}
  1456 | D:3      | Noticed Natasha
  1460 | D:3      | Killed Natasha
  1461 | D:3      | Reached XP level 6. HP: 56/61 MP: 6/6
  2117 | D:3      | Noticed Natasha
  2124 | D:3      | Killed Natasha
  2125 | D:3      | Reached skill level 5 in Unarmed Combat
  2331 | D:4      | Reached XP level 7. HP: 67/67 MP: 6/8
  2729 | D:4      | Found an ancient bone altar of Kikubaaqudgha.
  2930 | D:5      | Entered Level 5 of the Dungeon
  3011 | D:5      | Reached skill level 1 in Stealth
  3124 | D:5      | Reached XP level 8. HP: 68/75 MP: 9/9
  3485 | D:5      | Found a staircase to the Ecumenical Temple.
  3494 | Temple   | Entered the Ecumenical Temple
  3544 | D:5      | Found a stormy altar of Qazlal.
  3553 | D:5      | Became a worshipper of Qazlal Stormbringer
  3553 | D:5      | Reached * piety under Qazlal
  3553 | D:5      | Reached ** piety under Qazlal
  3837 | D:6      | Found an iron altar of Okawaru.
  3998 | D:6      | Reached skill level 5 in Invocations
  4304 | D:6      | Reached XP level 9. HP: 75/84 MP: 12/12
  4416 | D:6      | HP: 3/85 [electric eel/bolt of electricity (11)]
  4416 | D:6      | Killed from afar by an electric eel

Illustrated notes

Levels and vault maps discovered:
D:1:      amcnicky_arrival_single_pillar, layout_loops_ring, minmay_box_of_dots
D:2:      layout_rooms, basic_altar, st_stairs_9, grunt_ministairs_2,
          serial_park_tiny_1, supply_closet_lemuel, lightli_corner_chamber,
          uniq_terence
D:3:      layout_basic, general_overflow_altar, overflow_temple_1_default,
          hangedman_decor_slide_cut, minmay_circle_x, uniq_natasha
D:4:      layout_loops_cross, kiku_gazebo_pond_becter, serial_park_tiny_2
D:5:      layout_gridville, nicolae_qazlal_beasts_of_the_sky,
          minmay_temple_entry_drinking_statues, minmay_holes
D:6:      cheibrodos_two_vegetables, layout_rooms, okawaru_metal_pillars_1_2
Temple:   minmay_temple_curvy_branch

Skill      XL: |  1  2  3  4  5  6  7  8 |
---------------+-------------------------+-----
Fighting       | 3 4 |  4.3
Invocations    | 1 2 3 5 |  5.9
Throwing       | 1 2 3 4 |  4.4
Unarmed Combat | 4 5 |  5.6
Dodging        | 3 4 |  4.7
Stealth        | 1 |  1.2

Action                     |  1- 3 |  4- 6 |  7- 9 || total
---------------------------+-------+-------+-------++-------
  Melee: Unarmed           |   104 |   117 |   123 ||   344
  Throw: Dart              |     3 |    15 |    40 ||    58
         Boomerang         |       |     4 |    34 ||    38
 Invoke: Upheaval          |       |       |     3 ||     3
    Use: Scroll            |       |       |     4 ||     4
 Armour: Robe              |    58 |    62 |    87 ||   207
  Dodge: Dodged            |    43 |    52 |    48 ||   143
